 Dungeon Crawl Stone Soup version 0.25-a0-435-g4b9beb1024 (webtiles) character file.

Game seed: 18193096382060296790, levelgen mode: deterministic

193 Elellon the Conjurer (level 5, -4/28 HPs)
             Began as a Deep Elf Conjurer on Jan 27, 2020.
             Killed by nerve-wracking pain
             ... invoked by a shadow imp
             ... summoned by Eustachio
              (13 damage)
             ... on level 4 of the Dungeon.
             The game lasted 00:04:22 (3721 turns).

Elellon the Conjurer (Deep Elf Conjurer)            Turns: 3721, Time: 00:04:22

Health: -4/28      AC:  2    Str:  6    XL:     5   Next: 43%
Magic:  10/14      EV: 12    Int: 20    God:
Gold:   164        SH:  4    Dex: 15    Spells: 11/14 levels left

rFire    . . .     SeeInvis .   n - +0 short sword (speed)
rCold    . . .     Gourm    .   l - +0 buckler
rNeg     . . .     Faith    .   a - +0 robe
rPois    .         Spirit   .   (no helmet)
rElec    .         Reflect  .   (no cloak)
rCorr    .         Harm     .   (no gloves)
MR       .....                  (no boots)
Stlth    ++........             (no amulet)
HPRegen  0.09/turn              (no ring)
MPRegen  0.14/turn              (no ring)

@: no status effects
A: no striking features
a: no special abilities


You were on level 4 of the Dungeon.
You were not hungry.

You visited 1 branch of the dungeon, and saw 4 of its levels.

You collected 164 gold pieces.

Inventory:

Hand Weapons
 k - a +0 dagger
 n - a +0 short sword of speed (weapon)
Armour
 a - a +0 robe (worn)
 l - a +0 buckler (worn)
Jewellery
 d - a cursed ring of teleportation {unknown}
 r - an uncursed ring of ice {unknown}
 u - an uncursed ring of poison resistance {unknown}
 v - an uncursed amulet of regeneration {unknown}
Scrolls
 e - 2 scrolls of magic mapping {unknown}
 f - 5 scrolls of identify {unknown}
 g - a scroll of fog {unknown}
 i - a scroll of fear {unknown}
 o - 2 scrolls of enchant armour {unknown}
 p - 3 scrolls of teleportation {unknown}
 q - a scroll of blinking {unknown}
 w - a scroll of remove curse {unknown}
Potions
 b - a potion of haste {unknown}
 h - a potion of agility {unknown}
 j - a potion of heal wounds {unknown}
 m - a potion of cancellation {unknown}
 s - 2 potions of curing {unknown}
Comestibles
 c - 3 rations
 t - 2 chunks of flesh


   Skills:
 - Level 2.4 Dodging
 - Level 2.4 Stealth
 + Level 1.7 Shields
 + Level 5.3 Spellcasting
 + Level 5.8 Conjurations


You had 11 spell levels left.
You knew the following spells:

 Your Spells              Type           Power        Failure   Level  Hunger
a - Magic Dart            Conj           ####         1%          1    None
b - Searing Ray           Conj           ####..       1%          2    None

Your spell library contained the following spells:

 Spells                   Type           Power        Failure   Level  Hunger
 Dazzling Flash           Conj/Hex       ###...       14%         3    ##.....
 Fulminant Prism          Conj/Hex       ###.......   41%         4    ####...
 Iskenderun's Mystic Bla  Conj/Tloc      ###.....     41%         4    ####...


Dungeon Overview and Level Annotations

Branches:
Dungeon (4/15)
 Temple: D:4-7

Altars:

Annotations:
D:4 Eustachio


Message History

Aiming: Magic Dart (safe; 1% risk of failure)
Press: ? - help, Shift-Dir - straight line, f/p - Eustachio
Aim: Eustachio, wielding a +0 rapier and wearing a +2 leather armour of magic resistance (lightly wounded)
The magic dart hits Eustachio but does no damage.
Eustachio is lightly wounded.
The white imp shouts!
The shadow imp gestures at you. Pain shoots through your body!
Casting: Magic Dart (safe; 1% risk of failure)
Confirm with . or Enter, or press ? or * to list all spells.
Aiming: Magic Dart (safe; 1% risk of failure)
Press: ? - help, Shift-Dir - straight line, f/p - Eustachio
Aim: Eustachio, wielding a +0 rapier and wearing a +2 leather armour of magic resistance (lightly wounded)
The magic dart hits Eustachio but does no damage.
Eustachio is lightly wounded.
The white imp gestures at you. The puff of frost hits you!
Eustachio mumbles some strange words.
The shadow imp gestures at you. Pain shoots through your body!
You die...

## ...## ...
....## ....
......
....#####......
...............
...............
.............<.
..5....@...#
.5..b..........
.5@.r....##.##.
...b.....# #
####....##
###..# #...
....


You could see Eustachio, 2 white imps, a shadow imp, 2 bats and a rat.

Vanquished Creatures
  A bullfrog zombie (D:3)
  An orc wizard (D:3)
  5 adders
  An ooze (D:1)
  2 worms
  4 dart slugs
  2 leopard geckos
  6 orcs
  8 bats
  6 giant cockroaches
  5 hobgoblins
  A quokka (D:3)
  A ball python (D:1)
  7 frilled lizards
  4 goblins (D:3)
  9 kobolds
  6 rats
69 creatures vanquished.

Vanquished Creatures (others)
  A giant cockroach (D:4)
1 creature vanquished.

Grand Total: 70 creatures vanquished

Notes
Turn   | Place    | Note
-------+----------+-------------------------------------------
     0 | D:1      | Elellon the Deep Elf Conjurer began the quest for the Orb.
     0 | D:1      | Reached XP level 1. HP: 10/10 MP: 6/6
    89 | D:1      | Reached XP level 2. HP: 15/15 MP: 2/8
  1061 | D:1      | Learned a level 2 spell: Searing Ray
  1371 | D:2      | Reached skill level 5 in Conjurations
  1371 | D:2      | Reached XP level 3. HP: 19/19 MP: 0/10
  2419 | D:3      | Reached XP level 4. HP: 4/24 MP: 3/12
  2534 | D:3      | Reached skill level 1 in Shields
  2797 | D:3      | Reached skill level 5 in Spellcasting
  3053 | D:3      | Reached XP level 5. HP: 28/28 MP: 8/14
  3717 | D:4      | Noticed Eustachio
  3721 | D:4      | Killed from afar by a shadow imp

Levels and vault maps discovered:
D:1:      shiori_arrival_oz, layout_basic
D:2:      layout_basic
D:3:      layout_basic, first_ration
D:4:      minmay_door_path, layout_cave_pools, xom_confusion_cloud,
          kennysheep_mini, uniq_eustachio, uniq_duvessa

Skill      XL: |  1  2  3  4 |
---------------+-------------+-----
Spellcasting   | 4 5 |  5.3
Conjurations   | 5 |  5.8
Shields        | 1 |  1.7
Dodging        | |  2.4
Stealth        | |  2.4

Action                   |  1- 3 |  4- 6 || total
-------------------------+-------+-------++-------
 Cast: Magic Dart        |    84 |    61 ||   145
       Searing Ray       |       |     6 ||     6
  Eat: Chunk             |     4 |     4 ||     8
Armor: Robe              |       |     2 ||     2
Dodge: Dodged            |     5 |     8 ||    13
Block: Buckler           |       |     2 ||     2

Table legend:
 A = Non-vault XP
 B = Vault XP
 C = Vault XP percentage of total XP
 D = Non-vault monster count
 E = Vault monster count
 F = Vault count percentage of total count
                 A         B        C        D         E       F
            +---------+---------+-------+---------+---------+-------
      Total |     275 |       1 |   0.4 |      68 |       1 |   1.4
            +---------+---------+-------+---------+---------+-------
        D:1 |      38 |       1 |   2.6 |      18 |       1 |   5.3
        D:2 |      53 |       0 |   0.0 |      18 |       0 |   0.0
        D:3 |     184 |       0 |   0.0 |      32 |       0 |   0.0
            +---------+---------+-------+---------+---------+-------
